 Dungeon Crawl Stone Soup version 0.25.1-2-g60ff931df9 (webtiles) character file.

Game seed: 2897863443715789008

16599 protoss039 the Thaumaturge (level 12, -4/70 HPs)
             Began as a Deep Elf Earth Elementalist on July 31, 2020.
             Was a High Priest of Sif Muna.
             Slain by a purple ugly thing (18 damage)
             ... on level 12 of the Dungeon.
             The game lasted 00:56:01 (14567 turns).

protoss039 the Thaumaturge (DEEE)                  Turns: 14567, Time: 00:56:02

Health: -4/70      AC:  6    Str:  5    XL:     12   Next: 11%
Magic:  32/32      EV: 13    Int: 32    God:    Sif Muna [*****.]
Gold:   681        SH:  0    Dex: 15    Spells: 9/39 levels left

rFire    . . .     SeeInvis .   g - staff of earth
rCold    . . .     Gourm    .   (no shield)
rNeg     . . .     Faith    .   e - +0 steam dragon scales
rPois    .         Spirit   .   l - +0 helmet
rElec    .         Reflect  .   (no cloak)
rCorr    .         Harm     .   (no gloves)
MR       +....                  (no boots)
Stlth    ++........             x - amulet of the acrobat
HPRegen  0.21/turn              D - +6 ring of intelligence
MPRegen  0.23/turn              f - ring of wizardry

@: about to teleport
A: no striking features
a: Channel Magic, Forget Spell, Divine Exegesis, Renounce Religion


You were on level 12 of the Dungeon.
You worshipped Sif Muna.
Sif Muna was extremely pleased with you.
You were not hungry.

You visited 1 branch of the dungeon, and saw 12 of its levels.
You also visited: Ossuary.

You collected 681 gold pieces.

Inventory:

Hand Weapons
 H - a +5 long sword of freezing
Missiles
 b - 53 stones (quivered)
 A - 4 throwing nets
Armour
 e - +0 steam dragon scales (worn)
 l - a +0 helmet (worn)
 L - the cursed +0 pair of gloves "Cerugiuf" {rElec rC- rCorr Str+2, unknown}
   (You found it on level 11 of the Dungeon)

   It affects your strength (+2).
   It makes you vulnerable to cold.
   It insulates you from electricity.
   It provides partial protection from all sources of acid and corrosion.
   It has a curse placed upon it.
Magical Staves
 g - an uncursed staff of earth (weapon)
Jewellery
 f - a ring of wizardry (right hand)
 h - an uncursed ring of see invisible
 i - an uncursed ring of protection from fire
 x - an amulet of the acrobat (around neck)
 D - a +6 ring of intelligence (left hand)
 J - an uncursed ring of resist corrosion
Wands
 t - a wand of disintegration (37)
 w - a wand of flame (55)
 K - a wand of clouds (7)
Scrolls
 m - 2 scrolls of magic mapping
 n - 6 scrolls of teleportation
 o - 9 scrolls of remove curse
 y - 3 scrolls of enchant armour
 C - a scroll of enchant weapon
 E - 2 scrolls of blinking
 I - 2 scrolls of fear
Potions
 a - 4 potions of resistance
 j - 3 potions of curing
 k - 3 potions of haste
 p - 3 potions of brilliance {unknown}
 q - 3 potions of lignification
 r - 3 potions of heal wounds {unknown}
 s - a potion of berserk rage {unknown}
 u - 3 potions of flight {unknown}
 v - a potion of cancellation {unknown}
 z - a potion of stabbing {unknown}
 B - a potion of invisibility {unknown}
 F - a potion of ambrosia {unknown}
 G - 2 potions of mutation {unknown}
Comestibles
 c - a chunk of flesh
 d - 26 rations


   Skills:
 * Level 6.1 Fighting
 - Level 3.0 Dodging
 - Level 3.0 Stealth
 * Level 14.4 Spellcasting
 + Level 5.7 Conjurations
 - Level 4.0 Transmutations
 - Level 2.0 Ice Magic
 - Level 4.0 Air Magic
 + Level 10.9 Earth Magic
 - Level 2.0 Poison Magic
 * Level 7.9 Invocations


You had 9 spell levels left.
You knew the following spells:

 Your Spells              Type           Power        Failure   Level  Hunger
a - Sandblast             Erth           ######       0%          1    None
b - Passwall              Tmut/Erth      #######.     1%          2    None
c - Stone Arrow           Conj/Erth      ######       1%          3    None
d - Petrify               Tmut/Erth      #######.     1%          4    None
e - Lee's Rapid Deconstr  Erth           #######...   1%          5    None
f - Mephitic Cloud        Conj/Pois/Air  #####...     1%          3    None
g - Freezing Cloud        Conj/Ice/Air   #####.....   24%         6    ###....
h - Iron Shot             Conj/Erth      #######...   4%          6    ###....

Your spell library contained the following spells:

 Spells                   Type           Power        Failure   Level  Hunger
 Foxfire                  Conj/Fire      ####         1%          1    None
 Freeze                   Ice            ####         1%          1    None
 Magic Dart               Conj           ####         1%          1    None
 Blink                    Tloc           N/A          1%          2    None
 Call Imp                 Summ           ###.....     1%          2    None
 Slow                     Hex            ###.....     1%          2    None
 Conjure Flame            Conj/Fire      #####...     1%          3    None
 Dazzling Flash           Conj/Hex       #####.       1%          3    None
 Frozen Ramparts          Ice            #####.       1%          3    None
 Ozocubu's Armour         Chrm/Ice       ####....     1%          3    None
 Airstrike                Air            #####.....   1%          4    None
 Hailstorm                Conj/Ice       #####...     1%          4    None
 Iskenderun's Mystic Bla  Conj/Tloc      #####...     2%          4    None
 Bolt of Magma            Conj/Fire/Erth ######....   2%          5    None
 Lightning Bolt           Conj/Air       ######....   3%          5    None
 Summon Ice Beast         Ice/Summ       ####....     5%          4    None
 Statue Form              Tmut/Erth      #######..    6%          6    ###....
 Conjure Ball Lightning   Conj/Air       ######....   16%         6    ###....
 Summon Mana Viper        Hex/Summ       ###.....     21%         5    None
 Orb of Destruction       Conj           ######....   50%         7    #####..
 Tornado                  Air            #####.....   100%        9    #######


Dungeon Overview and Level Annotations

Branches:
Dungeon (12/15)            Temple (0/1) D:5            Lair (0/6) D:8
    Orc (0/2) D:11        Ossuary (visited)

Altars:
Ashenzari
Fedhas
Hepliaklqana
Makhleb
Ru
Sif Muna
Trog
Uskayaw
Vehumet
Xom
Yredelemnul
Zin

Annotations:
D:10 1 exclusion


Message History

Unknown command.
You climb downwards.
The shadow closely misses you. The komodo dragon bites you!!
The purple ugly thing closely misses you.
The hippogriff barely misses you.
The hippogriff pecks you but does no damage.
The hippogriff closely misses you. The komodo dragon closely misses you.
The shadow barely misses you.
The purple ugly thing closely misses you.
There is a stone staircase leading up, spattered with blood here.
Unknown command.
As you read the scroll of teleportation, it crumbles to dust.
You feel strangely unstable. The hippogriff bites you.
The hippogriff pecks you.
The hippogriff claws you but does no damage.
The howler monkey hoots and howls with incredible vigour!
The shadow barely misses you. The komodo dragon bites you!!
* * * LOW HITPOINT WARNING * * *
The purple ugly thing engulfs you!!
You die...

.#.# ...# ...
...###
#..##.....#
##.........#.
..(.........
###.(...†....
#...W...[...#
#..@.......
......lHu%.....
.......O.......
..#.#.....!....
... #h##.......
.. .. ....>.. .
... #####..
.... ..


You could see a purple ugly thing, a two-headed ogre, a komodo dragon, a
hippogriff, a shadow and a howler monkey (catching breath).

Vanquished Creatures
  Snorg (D:12)
  Harold (D:9)
  A hydra (D:6)
  4 lindwurms (D:11)
  A cyclops (D:11)
  An oklob plant (D:6)
  An ugly thing (D:11)
  A centaur skeleton (D:11)
  Maggie (D:10)
  3 kobold demonologists (D:11)
  A hornet (D:10)
  2 trolls
  2 hippogriffs
  Sigmund (D:3)
  A shadow (D:11)
  6 yaks
  2 humans
  A hungry ghost (D:11)
  3 hogs (D:11)
  Grum (D:8)
  A steam dragon (D:8)
  A soldier ant (D:11)
  Edmund (D:4)
  A water moccasin (D:8)
  4 ice beasts
  4 sky beasts
  10 orc warriors
  3 black bears
  5 ogres
  2 phantoms
  3 necrophages
  2 centaurs
  2 wolves (D:8)
  3 crocodiles (D:8)
  2 big kobolds
  5 bullfrogs
  3 water moccasin zombies (Ossuary)
  A wyvern skeleton (D:7)
  A scorpion (D:6)
  A killer bee (D:6)
  7 wights
  9 howler monkeys
  5 crimson imps
  2 quasits
  A bullfrog zombie (D:11)
  4 centaur zombies
  9 hounds
  11 orc wizards
  6 orc priests
  3 bullfrog skeletons
  3 jellies
  9 worker ants
  Ijyb (D:4)
  2 iguanas (D:8)
  A big kobold zombie (Ossuary)
  A hound zombie (D:8)
  A hound skeleton (D:5)
  2 mummies (Ossuary)
  Robin (D:4)
  A worker ant zombie (D:10)
  4 gnolls (D:5)
  7 adders
  4 shadow imps
  An adder skeleton (D:7)
  5 adder zombies (Ossuary)
  3 worms
  6 dart slugs
  12 leopard geckos
  37 orcs
  4 bats
  4 giant cockroaches
  3 gnoll zombies (Ossuary)
  18 goblins
  4 hobgoblins
  8 jackals
  2 quokkas
  4 frilled lizards
  A goblin zombie (D:3)
  7 hobgoblin zombies (Ossuary)
  A jackal skeleton (D:4)
  A jackal zombie (D:6)
  17 kobolds
  8 kobold zombies (Ossuary)
  3 orc zombies (Ossuary)
  10 rats
343 creatures vanquished.

Notes
Turn   | Place    | Note
-------+----------+-------------------------------------------
     0 | D:1      | protoss039 the Deep Elf Earth Elementalist began the quest
                  | for the Orb.
     0 | D:1      | Reached XP level 1. HP: 10/10 MP: 6/6
   315 | D:1      | Reached XP level 2. HP: 11/15 MP: 8/8
   959 | D:1      | Reached XP level 3. HP: 19/19 MP: 8/10
  1269 | D:2      | Found a shimmering blue altar of Sif Muna.
  1285 | D:2      | Found a burning altar of Makhleb.
  1306 | D:2      | Became a worshipper of Sif Muna the Loreminder
  1511 | D:2      | Found a sacrificial altar of Ru.
  1672 | D:2      | Reached skill level 4 in Spellcasting
  1689 | D:2      | Found a hide-covered altar of Uskayaw.
  2202 | D:3      | Reached XP level 4. HP: 24/24 MP: 8/12
  2210 | D:3      | Learned a level 2 spell: Passwall
  2214 | D:3      | Learned a level 3 spell: Stone Arrow
  2472 | D:3      | Noticed Sigmund
  2480 | D:3      | Killed Sigmund
  2480 | D:3      | Reached skill level 1 in Fighting
  2480 | D:3      | Reached skill level 5 in Spellcasting
  2480 | D:3      | Reached XP level 5. HP: 29/29 MP: 3/14
  2755 | D:3      | Found a runed translucent door.
  2755 | D:3      | Noticed a human
  2760 | D:3      | Found a basalt altar of Yredelemnul.
  2907 | D:3      | Killed a human
  2907 | D:3      | Reached skill level 5 in Earth Magic
  2907 | D:3      | Reached XP level 6. HP: 34/34 MP: 5/16
  3000 | D:4      | Noticed Robin
  3020 | D:4      | Killed Robin
  3165 | D:4      | Reached skill level 6 in Spellcasting
  3182 | D:4      | Reached XP level 7. HP: 39/40 MP: 6/18
  3207 | D:4      | Reached * piety under Sif Muna
  3207 | D:4      | Reached skill level 1 in Conjurations
  3324 | D:4      | Noticed Edmund
  3336 | D:4      | Killed Edmund
  3374 | D:4      | Found a sand-covered staircase.
  3390 | Ossuary  | Entered an ossuary
  3534 | Ossuary  | Learned a level 4 spell: Petrify
  3540 | Ossuary  | Learned a level 5 spell: Lee's Rapid Deconstruction
  3752 | Ossuary  | Reached skill level 7 in Spellcasting
  4007 | Ossuary  | Reached ** piety under Sif Muna
  4364 | D:4      | Noticed Ijyb
  4368 | D:4      | Killed Ijyb
  4557 | D:4      | Reached XP level 8. HP: 36/45 MP: 16/21
  4794 | D:5      | Entered Level 5 of the Dungeon
  4859 | D:5      | Found a shattered altar of Ashenzari.
  4947 | D:5      | Found a staircase to the Ecumenical Temple.
  4972 | D:5      | Learned a level 3 spell: Mephitic Cloud
  5148 | D:5      | Reached skill level 8 in Spellcasting
  5351 | D:5      | Reached skill level 1 in Air Magic
  5351 | D:5      | Reached skill level 1 in Poison Magic
  5564 | D:5      | Reached *** piety under Sif Muna
  6240 | D:6      | Reached XP level 9. HP: 51/51 MP: 18/23
  6572 | D:6      | Noticed a six-headed hydra
  6607 | D:6      | Found a blossoming altar of Fedhas.
  6607 | D:6      | Noticed an oklob plant
  6736 | D:6      | Reached skill level 9 in Spellcasting
  6764 | D:6      | Killed a six-headed hydra
  6764 | D:6      | Reached skill level 5 in Invocations
  6996 | D:6      | Reached **** piety under Sif Muna
  7255 | D:6      | Found a hazy altar of Hepliaklqana.
  7256 | D:6      | Found a bloodstained altar of Trog.
  7357 | D:6      | Found a shimmering altar of Xom.
  7358 | D:6      | Found a radiant altar of Vehumet.
  7360 | D:6      | Found a glowing silver altar of Zin.
  7510 | D:6      | Killed an oklob plant
  7510 | D:6      | Reached skill level 10 in Spellcasting
  7584 | D:7      | Reached XP level 10. HP: 57/57 MP: 20/26
  8859 | D:7      | Found a blossoming altar of Fedhas.
  9299 | D:8      | Identified the Catalogue of Burning Arcane Weapons
  9309 | D:8      | Learned a level 6 spell: Freezing Cloud
  9316 | D:8      | Learned a level 6 spell: Iron Shot
  9317 | D:8      | Noticed Grum
  9318 | D:8      | Killed Grum
  9417 | D:8      | Reached skill level 1 in Ice Magic
  9781 | D:8      | Reached ***** piety under Sif Muna
  9781 | D:8      | Reached skill level 11 in Spellcasting
  9797 | D:8      | Reached skill level 5 in Fighting
  9967 | D:8      | Found a staircase to the Lair.
 10441 | D:9      | Reached skill level 5 in Conjurations
 11075 | D:9      | Noticed Harold
 11279 | D:9      | Identified Dispater's Grimoire of Confrontation and Earth
                  | (Sif Muna gifted it to you on level 9 of the Dungeon)
 11279 | D:9      | Received a gift from Sif Muna
 11393 | D:9      | Killed Harold
 11641 | D:10     | Entered Level 10 of the Dungeon
 11656 | D:10     | Reached XP level 11. HP: 64/64 MP: 12/28
 12104 | D:10     | Noticed Maggie
 12107 | D:10     | Killed Maggie
 12655 | D:11     | Reached skill level 12 in Spellcasting
 12661 | D:11     | Reached skill level 10 in Earth Magic
 13080 | D:11     | Found a staircase to the Orcish Mines.
 13372 | D:11     | Reached skill level 13 in Spellcasting
 13539 | D:11     | Noticed a lindwurm
 13541 | D:11     | Got a pair of steaming gloves
 13543 | D:11     | Noticed a lindwurm
 13543 | D:11     | Killed a lindwurm
 13544 | D:11     | Noticed a lindwurm
 13545 | D:11     | Killed a lindwurm
 13546 | D:11     | Killed a lindwurm
 13549 | D:11     | Noticed a lindwurm
 13577 | D:11     | Killed a lindwurm
 13765 | D:11     | Noticed a cyan ugly thing
 13770 | D:11     | Killed a cyan ugly thing
 14185 | D:11     | Reached skill level 14 in Spellcasting
 14185 | D:11     | Reached XP level 12. HP: 70/70 MP: 25/32
 14185 | D:11     | Identified Qyttud's Volume of Flying Summoning (Sif Muna
                  | gifted it to you on level 11 of the Dungeon)
 14185 | D:11     | Received a gift from Sif Muna
 14421 | D:12     | Noticed Snorg
 14428 | D:12     | Killed Snorg
 14428 | D:12     | Noticed a two-headed ogre
 14567 | D:12     | Slain by a purple ugly thing

Illustrated notes

Levels and vault maps discovered:
D:1:      dpeg_arrival_line_fractal, layout_basic
D:2:      layout_loops_ring, bloody_makhleb, nicolae_overflow_crystal_walls,
          old_standard_altar, led_sif_pool
D:3:      layout_basic, first_ration, dk_yredelemnul_ordeal, uniq_sigmund
D:4:      layout_rooms, enter_ossuary_2, uniq_edmund, uniq_robin, uniq_ijyb
D:5:      layout_gridville, minmay_temple_entry_offerings,
          evilmike_ruin_ashenzari
D:6:      hangedman_cross_stitches, layout_loops_cross,
          nicolae_overflow_hidden_temple, lemuel_oklob_altar
D:7:      layout_basic, fedhas_altar_fruit_tree
D:8:      layout_loops_ring, erik_lair_dragon, uniq_grum
D:9:      layout_stronghold, uniq_harold
D:10:     layout_basic, uniq_maggie
D:11:     layout_rooms, orc_0_dummy, special_room [special_room_orc],
          grunt_livestock, minmay_lindwurm_lava
D:12:     layout_rooms, serial_shops, kennysheep_little_box, evilmike_butchery,
          uniq_snorg

Skill      XL: |  1  2  3  4  5  6  7  8  9 10 11 |
---------------+----------------------------------+-----
Earth Magic    | 4 5 6 7 8 9 10 | 10.9
Stealth        | 3 |  3.0
Spellcasting   | 4 5 6 7 8 10 11 14 | 14.4
Fighting       | 1 2 3 4 5 6 |  6.1
Dodging        | 3 |  3.0
Invocations    | 2 3 4 5 6 7 |  7.9
Conjurations   | 1 3 4 5 |  5.7
Air Magic      | 1 2 3 4 |  4.0
Poison Magic   | 2 |  2.0
Transmutations | 2 4 |  4.0
Ice Magic      | 2 |  2.0

Action                   |  1- 3 |  4- 6 |  7- 9 | 10-12 || total
-------------------------+-------+-------+-------+-------++-------
Melee: Mace              |    15 |       |       |       ||    15
       Unarmed           |     2 |       |       |       ||     2
       Dagger            |    43 |       |       |       ||    43
       Staff             |     3 |       |     4 |    16 ||    23
 Cast: Sandblast         |    37 |    32 |    62 |    61 ||   192
       Stone Arrow       |       |    10 |   108 |   118 ||   236
       Lee's Rapid Decon |       |       |    12 |    47 ||    59
       Mephitic Cloud    |       |       |       |    22 ||    22
       Passwall          |       |       |       |     5 ||     5
       Iron Shot         |       |       |       |     7 ||     7
       Freezing Cloud    |       |       |       |     2 ||     2
  Use: Scroll            |     6 |     1 |       |     8 ||    15
 Stab: Sleeping          |    12 |       |     1 |       ||    13
  Eat: Chunk             |     4 |     3 |    11 |    23 ||    41
       Ration            |       |       |     1 |     1 ||     2
Armor: Robe              |     8 |     3 |     6 |       ||    17
       Steam dragon scal |       |       |       |    14 ||    14
Dodge: Dodged            |    63 |     9 |    16 |    49 ||   137
